 Dungeon Crawl Stone Soup version 0.27.1-1-g398f81649c (webtiles) character file.

Game seed: 3633977245787813564

15 Descartes the Magician (level 2, -1/16 HPs)
             Began as a Deep Elf Wanderer on Sept 20, 2021.
             Succumbed to a goblin's poison
             ... on level 2 of the Dungeon.
             The game lasted 00:01:58 (1661 turns).

Descartes the Magician (Deep Elf Wanderer)          Turns: 1661, Time: 00:01:59

Health: -1/16      AC:  3    Str: 10    XL:     2   Next: 34%
Magic:  7/9        EV: 10    Int: 16    God:
Gold:   37         SH:  4    Dex: 13    Spells: 8/9 levels left

rFire    . . .     SeeInvis .   a - +2 dagger
rCold    . . .     Faith    .   d - +0 buckler
rNeg     . . .     Spirit   .   h - +0 leather armour
rPois    .         Reflect  .   (no helmet)
rElec    .         Harm     .   (no cloak)
rCorr    .         Rampage  .   (no gloves)
Will     .....                  (no boots)
Stlth    ++........             (no amulet)
HPRegen  0.05/turn              (no ring)
MPRegen  0.11/turn              (no ring)

@: lethally poisoned (-1 -> -10)
A: no striking features
a: no special abilities


You were on level 2 of the Dungeon.
You visited 1 branch of the dungeon, and saw 2 of its levels.

You collected 37 gold pieces.

Inventory:

Hand Weapons
 a - a +2 dagger (weapon)
Missiles
 e - 18 stones (quivered)
Armour
 d - a +0 buckler (worn)
 h - a +0 leather armour (worn)
Scrolls
 c - a scroll of summoning {unknown}
 f - a scroll of identify {unknown}
Potions
 b - a potion of haste
 g - 2 potions of brilliance {unknown}


   Skills:
 - Level 1.0 Fighting
 - Level 1.0 Short Blades
 - Level 2.4 Stealth
 + Level 1.5 Shields
 - Level 4.4 Spellcasting
 + Level 1.6 Necromancy
 - Level 2.1 Translocations


You had 8 spell levels left.
You knew the following spells:

 Your Spells              Type           Power      Damage    Failure   Level
a - Pain                  Necr           32%        1d5       16%         1

Your spell library contained the following spells:

 Spells                   Type           Power      Damage    Failure   Level
 Corona                   Hex            3%         N/A       30%         1
 Vampiric Draining        Necr           4%         2d6       41%         3
 Confusing Touch          Hex            3%         N/A       65%         3


Dungeon Overview and Level Annotations

Branches:
Dungeon (2/15)

Altars:
Makhleb

Shops:
D:1 (


Message History

You can't see any susceptible monsters within range! (Use Z to cast anyway.) Unknown command.
Found a stone staircase leading up.
Casting: Pain (safe; 16% risk of failure)
Confirm with . or Enter, or press ? or * to list all spells.
You can't see any susceptible monsters within range! (Use Z to cast anyway.) Unknown command.
An adder comes into view.
Casting: Pain (safe; 16% risk of failure)
Confirm with . or Enter, or press ? or * to list all spells.
You can't see any susceptible monsters within range! (Use Z to cast anyway.) Unknown command.
Casting: Pain (safe; 16% risk of failure)
Confirm with . or Enter, or press ? or * to list all spells.
You can't see any susceptible monsters within range! (Use Z to cast anyway.)
Casting: Pain (safe; 16% risk of failure)
Confirm with . or Enter, or press ? or * to list all spells.
Aiming: Pain (safe; 16% risk of failure)
Press: ? - help, Shift-Dir - straight line, f - adder
Aim: an adder (chance to affect: 66%)
The adder struggles to resist.
The goblin shouts!
The goblin throws a poisoned dart.
The poisoned dart hits you!
You are poisoned.
You feel very sick.
The goblin throws a poisoned dart.
The poisoned dart hits you!
You are lethally poisoned!
You feel very sick.
* * * LOW HITPOINT WARNING * * *
You feel very sick.
* * * LOW HITPOINT WARNING * * *
You feel sick.
You see here a bat skeleton.
Casting: Pain (safe; 16% risk of failure)
Confirm with . or Enter, or press ? or * to list all spells.
Aiming: Pain (safe; 16% risk of failure)
Press: ? - help, Shift-Dir - straight line, f/p - adder
Aim: an adder (chance to affect: 66%)
The adder writhes in agony.
You die...

............#...
.................
.............g....
................#.
..................
....#.#.#..#....#.
........#..#....#
........S.........
#....#.#@#.#.......
#....#.#.#.#.......
.....................
#............#......
#.
#.#.##.#.#.#...._...
. #.#
#.#.##.#.#.#........
.##.#
#.#.##.....#.#....
....#
#.#.####.#.#.#....
#..#
#.#.....).........


You could see an adder and a goblin.

Vanquished Creatures
  4 endoplasms
  3 goblins
  2 quokkas (D:1)
  2 bats
  A kobold (D:1)
  A rat (D:1)
13 creatures vanquished.

Notes
Turn   | Place    | Note
-------+----------+-------------------------------------------
     0 | D:1      | Descartes the Deep Elf Wanderer began the quest for the
                  | Orb.
     0 | D:1      | Descartes set off with the following items: a +2 dagger, a
                  | potion of haste, a +0 robe; and the following spells
                  | available to memorise: Corona, Pain, Confusing Touch,
                  | Vampiric Draining
     0 | D:1      | Reached XP level 1. HP: 12/12 MP: 7/7
     2 | D:1      | Learned a level 1 spell: Pain
   594 | D:1      | Reached skill level 1 in Necromancy
   824 | D:1      | Found Kuegur's Antique Weapon Emporium.
   964 | D:1      | Reached XP level 2. HP: 14/16 MP: 6/9
  1348 | D:2      | Found a burning altar of Makhleb.
  1661 | D:2      | Succumbed to a goblin's poison

Illustrated notes

Levels and vault maps discovered:
D:1:      minmay_arrival_open_corners, layout_basic, serial_shops, shop,
          skrybe_limestone_x
D:2:      layout_basic, basic_altar

Skill      XL: |  1 |
---------------+----+-----
Necromancy     | 1 |  1.6
Fighting       | |  1.0
Short Blades   | |  1.0
Stealth        | |  2.4
Shields        | |  1.5
Spellcasting   | |  4.4
Translocations | |  2.1

Action                   || total
-------------------------++-------
Melee: Dagger            ||    16
 Cast: Pain              ||    22
Dodge: Dodged            ||    10
Block: Buckler           ||     3
